 Dungeon Crawl Stone Soup version 0.23.0-3-gf3c87f2 (webtiles) character file.

Game seed: 7102700105761361186

10558 Jaiteiro the Blocker (level 11, -5/84 HPs)
             Began as a Formicid Fighter on Feb 24, 2019.
             Was a High Priest of Cheibriados.
             Slain by an elephant (7 damage)
             ... on level 1 of the Lair of Beasts.
             The game lasted 00:38:58 (10294 turns).

Jaiteiro the Blocker (Formicid Fighter)            Turns: 10294, Time: 00:38:59

Health: -5/84      AC: 14    Str: 30    XL:     11   Next: 95%
Magic:  0/16       EV:  8    Int: 17    God:    Cheibriados [*****.]
Gold:   544        SH: 15    Dex: 22    Spells: 10/10 levels left

rFire    + + +     SeeInvis +   A - +8 whip "Snakebite" {curare, rPois}
rCold    + + .     Gourm    .   i - +0 shield
rNeg     . . .     Faith    .   r - +0 chain mail
rPois    +         Spirit   +   (helmet unavailable)
rElec    .         Reflect  .   E - +2 cloak
rCorr    .         Harm     .   q - +0 pair of gloves
MR       +....                  o - +0 pair of boots
Stlth    ..........             D - amulet "Qunoiklun" {Spirit rF+++ rC++ Str-5 Int-4}
HPRegen  0.24/turn              l - ring of poison resistance
MPRegen  0.15/turn              (no ring)

@: very slow
A: permanent stasis, dig shafts and tunnels, four strong arms, antennae 3
a: Dig, Shaft Self, Bend Time, Temporal Distortion, Slouch, Step From Time,
Renounce Religion


You were on level 1 of the Lair of Beasts.
You worshipped Cheibriados.
Cheibriados was extremely pleased with you.
You were hungry.

You visited 3 branches of the dungeon, and saw 11 of its levels.
You also visited: Sewer and Ossuary.

You collected 544 gold pieces.

Inventory:

Hand Weapons
 a - a +0 halberd
 A - the +8 whip "Snakebite" (weapon) {curare, rPois}
   (You found it on level 1 of the Lair of Beasts)

   It poisons the flesh of those it strikes.
   It protects you from poison.
 I - a +0 trident
 J - the +4 hand crossbow "Ihuith" {velocity, rElec Int+4 SInv}
   (You found it on level 7 of the Dungeon)

   Any bolt fired from it inflicts extra damage.
   It affects your intelligence (+4).
   It insulates you from electricity.
   It lets you see invisible.
Missiles
 c - 181 stones (quivered)
 d - 12 tomahawks
 s - 48 sling bullets
 K - 31 bolts
Armour
 i - a +0 shield (worn)
 o - a +0 pair of boots (worn)
 q - a +0 pair of gloves (worn)
 r - a +0 chain mail (worn)
 E - a +2 cloak (worn)
Jewellery
 l - a ring of poison resistance (left hand)
 w - an uncursed ring of ice
 D - the amulet "Qunoiklun" (around neck) {Spirit rF+++ rC++ Str-5 Int-4}
   (You found it on level 5 of the Dungeon)

   [amulet of guardian spirit]

   It causes incoming damage to be split between your health and magic.
   It affects your strength (-5).
   It affects your intelligence (-4).
   It renders you almost immune to fire.
   It greatly protects you from cold.
Wands
 x - a wand of flame (14)
 z - a wand of clouds (6)
Scrolls
 e - 3 scrolls of blinking {unknown}
 g - 3 scrolls of amnesia {unknown}
 h - a scroll of enchant weapon {unknown}
 j - 11 scrolls of remove curse
 k - 8 scrolls of identify
 m - 3 scrolls of noise {unknown}
 n - 2 scrolls of fog {unknown}
 y - 3 scrolls of fear {unknown}
 G - a scroll of magic mapping {unknown}
 H - 2 scrolls of enchant armour {unknown}
Potions
 b - a potion of invisibility {unknown}
 p - 2 potions of curing
 t - 4 potions of agility
 u - a potion of cancellation
 B - a potion of mutation {unknown}
Comestibles
 f - 15 rations


   Skills:
 + Level 7.0 Fighting
 * Level 11.9 Polearms
 - Level 3.2 Armour
 * Level 12.3 Shields
 * Level 7.3 Invocations
 * Level 6.6 Evocations


You had 10 spell levels left.
You didn't know any spells.
Your spell library contained the following spells:

 Spells                   Type           Power        Failure   Level  Hunger
 Animate Skeleton         Necr           N/A          77%         1    ##.....
 Confusing Touch          Hex            #.....       77%         1    ##.....
 Pain                     Necr           #...         77%         1    ##.....
 Shock                    Conj/Air       #...         77%         1    ##.....
 Summon Small Mammal      Summ           #...         77%         1    ##.....
 Call Imp                 Summ           #.......     88%         2    ###....
 Swiftness                Chrm/Air       #.......     88%         2    ###....
 Call Canine Familiar     Summ           #.......     98%         3    ####...
 Confuse                  Hex            #.......     98%         3    ####...
 Gell's Gravitas          Tloc           #.........   98%         3    ####...
 Regeneration             Chrm/Necr      #.........   98%         3    ####...
 Static Discharge         Conj/Air       #.......     98%         3    ####...
 Summon Guardian Golem    Hex/Summ       #.......     98%         3    ####...
 Vampiric Draining        Necr           #.........   98%         3    ####...
 Airstrike                Air            #.........   100%        4    #####..
 Animate Dead             Necr           N/A          100%        4    #####..
 Petrify                  Tmut/Erth      #.......     100%        4    #####..
 Summon Ice Beast         Ice/Summ       #.......     100%        4    #####..
 Summon Lightning Spire   Summ/Air       #.......     100%        4    #####..
 Lightning Bolt           Conj/Air       #.........   100%        5    ######.
 Metabolic Englaciation   Hex/Ice        #.........   100%        5    ######.
 Yara's Violent Unravell  Hex/Tmut       #.........   100%        5    ######.


Dungeon Overview and Level Annotations

Branches:
Dungeon (8/15)             Temple (1/1) D:4            Lair (2/6) D:8
  Swamp: Lair:2-4    Shoals: Lair:2-4     Snake: Lair:2-4    Spider: Lair:2-4

Altars:
Ashenzari
Cheibriados
Fedhas
Gozag
Hepliaklqana
Makhleb
Okawaru
Trog
Uskayaw
Vehumet
Wu Jian
Xom
Zin
The Shining One

Shops:
D:7 (

Annotations:
D:5 1 runed translucent door, coffeespoons's ghost, novice GrFi
Lair:1 3 runed translucent doors, exclusion: oklob plant, HEYYEYAAE's ghost, journeyman OpHu


Innate Abilities, Weirdness & Mutations

You cannot be hasted, slowed, berserked, paralysed or teleported.
You can dig through walls and to a lower floor.
Your four strong arms can wield two-handed weapons with a shield.
You have a pair of large antennae on your head. (SInv)


Message History

You block the elephant's attack. The elephant barely misses you.
The elephant tramples you.
* * * LOW HITPOINT WARNING * * *
You hold your ground!
You block the elephant's attack. The elephant tramples you.
* * * LOW HITPOINT WARNING * * *
You stumble backwards!
The elephant is no longer moving slowly.
The elephant is no longer moving slowly.
The elephant tramples you but does no damage.
The elephant barely misses you. You block the elephant's attack.
The elephant trunk-slaps you but does no damage.
The elephant tramples you.
You stumble backwards!
The elephant tramples you but does no damage.
You block the elephant's attack. x2; The elephant trunk-slaps you.
* * * LOW HITPOINT WARNING * * *
The elephant closely misses you. You block the elephant's attack.
The elephant tramples you!
You die...

.#...............##
.......#######....#
.#.....###.###...##
.................#
.#.....##....##..#
.#.....####.###..#
........#...#.#..#
.#...............#
#...............@#
...............YY#
......#.#.#.#.#..#
.................#
......#.......#..##
.##...............#
#.#...#....>..#..##
.................#
≈.....#.......#..#


You could see 2 elephants.

Vanquished Creatures
  2 elephants (Lair:1)
  2 black mambas (Lair:1)
  2 spiny frogs (Lair:1)
  A queen bee (D:8)
  A hippogriff (D:8)
  Eustachio (D:6)
  Edmund (Temple)
  5 water moccasins (Lair:1)
  An ice beast (D:8)
  Purgy (Sewer)
  An orc warrior (D:7)
  A black bear (D:8)
  An eye of draining (D:8)
  4 wolves (Lair:1)
  4 phantoms
  An ogre (D:4)
  A centaur (D:7)
  A crocodile (Lair:1)
  A big kobold (D:8)
  4 bullfrogs
  An elf zombie (Ossuary)
  A wyvern skeleton (D:7)
  3 scorpions
  15 killer bees (D:8)
  3 howler monkeys
  A bullfrog zombie (D:7)
  6 crimson imps
  A jelly (D:7)
  2 bullfrog skeletons
  3 orc priests
  A hound (D:8)
  3 orc wizards
  3 centaur skeletons
  Jessica (D:2)
  An iguana (D:5)
  Natasha (thrice) (D:4)
  5 worker ants
  3 mummies (Ossuary)
  A worker ant zombie (D:5)
  4 gnolls (D:4)
  18 adders
  A shadow imp (D:8)
  5 oozes
  3 adder zombies (Ossuary)
  5 worms
  6 dart slugs
  5 leopard geckos
  11 orcs
  10 giant cockroaches
  11 goblins
  6 hobgoblins
  8 jackals
  5 quokkas
  2 ball pythons
  9 bats
  A frilled lizard (D:2)
  A giant cockroach zombie (D:5)
  3 goblin zombies (Ossuary)
  4 hobgoblin zombies (Ossuary)
  21 kobolds
  2 kobold zombies (Ossuary)
  A leopard gecko zombie (D:5)
  A quokka skeleton (D:7)
  3 quokka zombies (Ossuary)
  13 rats
  2 rat zombies (Ossuary)
254 creatures vanquished.

Notes
Turn   | Place    | Note
-------+----------+-------------------------------------------
     0 | D:1      | Jaiteiro the Formicid Fighter began the quest for the Orb.
     0 | D:1      | Reached XP level 1. HP: 18/18 MP: 1/1
    75 | D:1      | Reached XP level 2. HP: 19/24 MP: 2/2
    84 | D:1      | Reached skill level 4 in Shields
   324 | D:1      | Reached XP level 3. HP: 29/29 MP: 3/3
   965 | D:2      | Reached XP level 4. HP: 29/35 MP: 4/4
  1608 | D:2      | Noticed Jessica
  1615 | D:2      | Killed Jessica
  1615 | D:2      | Reached XP level 5. HP: 41/41 MP: 5/5
  1692 | D:2      | Found a glowing silver altar of Zin.
  1705 | D:2      | Found an opulent altar of Gozag.
  2005 | D:3      | Reached skill level 5 in Shields
  2119 | D:3      | Found a bloodstained altar of Trog.
  2642 | D:3      | Reached XP level 6. HP: 48/48 MP: 6/6
  2993 | D:4      | Reached skill level 5 in Polearms
  3137 | D:4      | Noticed a phantom
  3155 | D:4      | Killed a phantom
  3155 | D:4      | Reached skill level 6 in Shields
  3155 | D:4      | Reached XP level 7. HP: 51/54 MP: 7/7
  3263 | D:4      | Noticed Natasha
  3274 | D:4      | Killed Natasha
  3336 | D:4      | Noticed Natasha
  3354 | D:4      | Killed Natasha
  3371 | D:4      | Noticed Natasha
  3386 | D:4      | Found a staircase to the Ecumenical Temple.
  3387 | D:4      | Noticed Edmund
  3396 | Temple   | Entered the Ecumenical Temple
  3408 | Temple   | Became a worshipper of Cheibriados the Contemplative
  3703 | Temple   | Killed Edmund
  3703 | Temple   | Reached XP level 8. HP: 42/60 MP: 8/8
  3802 | D:4      | Killed Natasha
  3825 | D:4      | Reached skill level 7 in Shields
  3940 | D:4      | Found a shimmering altar of Xom.
  4381 | D:5      | Entered Level 5 of the Dungeon
  4463 | D:5      | Reached * piety under Cheibriados
  4590 | D:5      | Found a runed translucent door.
  4680 | D:5      | Found a radiant altar of Vehumet.
  4868 | D:5      | Found a glowing drain.
  4874 | Sewer    | Entered a sewer
  4895 | Sewer    | Noticed Purgy
  4910 | Sewer    | Killed Purgy
  4910 | Sewer    | Reached skill level 8 in Shields
  5107 | D:5      | Reached XP level 9. HP: 62/66 MP: 9/9
  5419 | D:5      | Noticed coffeespoons's ghost (novice GrFi)
  5429 | D:5      | Reached ** piety under Cheibriados
  5515 | D:5      | Got a clouded diamond amulet
  5561 | D:6      | Found a hide-covered altar of Uskayaw.
  5676 | D:6      | Noticed Eustachio
  5700 | D:6      | Killed Eustachio
  5700 | D:6      | Reached skill level 1 in Invocations
  5700 | D:6      | Reached skill level 1 in Evocations
  5876 | D:6      | Found a sand-covered staircase.
  5896 | Ossuary  | Entered an ossuary
  6172 | Ossuary  | Reached *** piety under Cheibriados
  6236 | Ossuary  | Identified the amulet "Qunoiklun" {Spirit rF+++ rC++ Str-5
                  | Int-4} (You found it on level 5 of the Dungeon)
  6566 | D:6      | Reached skill level 9 in Shields
  6817 | D:7      | Found Jonoenk's Weapon Shop.
  6833 | D:7      | Got an encrusted hand crossbow
  6834 | D:7      | Identified the +4 hand crossbow "Ihuith" {velocity, rElec
                  | Int+4 SInv} (You found it on level 7 of the Dungeon)
  6939 | D:7      | Reached skill level 5 in Fighting
  7199 | D:7      | Found an iron altar of Okawaru.
  7348 | D:7      | Found a burning altar of Makhleb.
  8122 | D:8      | Noticed a hippogriff
  8140 | D:8      | Killed a hippogriff
  8140 | D:8      | Reached **** piety under Cheibriados
  8140 | D:8      | Reached XP level 10. HP: 64/74 MP: 2/12
  8215 | D:8      | Found a staircase to the Lair.
  8259 | D:8      | Reached skill level 10 in Polearms
  8314 | D:8      | Reached skill level 10 in Shields
  8339 | D:8      | Reached skill level 11 in Shields
  8339 | D:8      | Reached XP level 11. HP: 4/83 MP: 9/16
  8764 | D:8      | Reached ***** piety under Cheibriados
  8950 | Lair:1   | Entered Level 1 of the Lair of Beasts
  9322 | Lair:1   | Found a radiant altar of Vehumet.
  9375 | Lair:1   | Found a blossoming altar of Fedhas.
  9389 | Lair:1   | Noticed an oklob plant
  9449 | Lair:1   | Found a runed translucent gate.
  9452 | Lair:1   | Found a runed translucent gate.
  9453 | Lair:1   | Found a runed translucent gate.
  9453 | Lair:1   | Noticed a minotaur
  9457 | Lair:1   | Noticed HEYYEYAAE's ghost (journeyman OpHu)
  9837 | Lair:1   | Reached skill level 12 in Shields
 10023 | Lair:1   | Found the +8 whip "Snakebite" {curare, rPois}
 10230 | Lair:2   | Noticed a six-headed hydra
 10261 | Lair:2   | Noticed an elephant
 10261 | Lair:2   | Noticed an elephant
 10261 | Lair:2   | Noticed an elephant
 10261 | Lair:2   | Noticed an elephant
 10261 | Lair:2   | Noticed an elephant
 10261 | Lair:2   | Noticed an elephant
 10275 | Lair:1   | Killed an elephant
 10278 | Lair:1   | Killed an elephant
 10285 | Lair:1   | HP: 2/84 [elephant (4)]
 10293 | Lair:1   | HP: 2/84 [elephant (2)]
 10294 | Lair:1   | Slain by an elephant

Skill      XL: |  1  2  3  4  5  6  7  8  9 10 11 |
---------------+----------------------------------+-----
Shields        | 4 5 6 8 9 11 12 | 12.3
Polearms       | 3 4 5 6 8 9 11 | 11.9
Fighting       | 4 5 6 7 |  7.0
Invocations    | 2 6 7 |  7.3
Evocations     | 2 6 |  6.6
Armour         | |  3.2

Action                   |  1- 3 |  4- 6 |  7- 9 | 10-12 || total
-------------------------+-------+-------+-------+-------++-------
Melee: Trident           |   118 |   230 |   632 |       ||   980
       Halberd           |       |       |   104 |   265 ||   369
       Whip              |       |       |       |    25 ||    25
  Use: Potion            |       |       |     1 |     9 ||    10
       Scroll            |       |       |     3 |       ||     3
  Eat: Chunk             |       |     8 |     5 |     3 ||    16
       Ration            |       |       |     2 |       ||     2
Armor: Scale mail        |    37 |    23 |       |       ||    60
       Chain mail        |       |    60 |   241 |   140 ||   441
Dodge: Dodged            |    36 |    58 |   164 |    76 ||   334
Block: Shield            |    69 |   130 |   381 |   245 ||   825
